AoeStats
← Pepim14

Pilgrims

507800027Analyzed
3v3 RM · 12d ago on Sep 19, 2026· 22m 56s· 6 players
Game mode
Random Map
Map size
Normal (6 player)
Population
200
Speed
Normal
Resources
Standard
Victory
Conquest
Starting age
Dark Age
Ending age
Imperial Age
RankedLock teamsTeams togetherTeam positionsShared explorationLock speedFull tech treeHidden civsTurbo modeCheats
Victory
Defeat
🇦🇷 Spanish · Argentina
1225
+12
🇦🇷 Wu · Argentina
1101
+17
🇦🇷 Koreans · Argentina
1073
+18
🇹🇷 Burgundians · Türkiye
1176
-18
🇹🇷 Sicilians · Türkiye
1115
-15
🇹🇷 Khmer · Türkiye
1097
-14
Morsmordre
6:24 Loom
11:17 Feudal Age
12:06 Town Watch
12:12 Double-Bit Axe
16:29 Fletching
23:44 Castle Age
zokarr
8:07 Loom
12:18 Feudal Age
15:15 Double-Bit Axe
15:22 Fletching
15:29 Horse Collar
19:44 Bloodlines
KET0
4:53 Loom
17:17 Feudal Age
20:01 Horse Collar
20:08 Double-Bit Axe
24:55 Castle Age
MorsaSdE
2:55 Loom
12:35 Feudal Age
14:06 Double-Bit Axe
16:28 Castle Age
15:40 Horse Collar
16:53 Fletching
17:38 Medium Warships
20:09 Bow Saw
22:38 Padded Archer Armor
23:25 Gold Mining
franb89
2:53 Loom
11:01 Feudal Age
16:14 Fletching
19:59 Castle Age
17:59 Stone Mining
19:11 Gold Mining
20:45 Bodkin Arrow
Pepim14
4:11 Loom
12:01 Feudal Age
12:35 Double-Bit Axe
12:52 Man-at-Arms
13:36 Town Watch
15:54 Wheelbarrow
17:52 Fletching
21:32 Castle Age
19:29 Arson
23:14 Hand Cart
Connection lost

Rejoining the realm…

Still unreachable

The connection could not be restored.

Session expired

The server has moved on; the page needs a fresh start.